 Dungeon Crawl Stone Soup version 0.21.1-1-g345015f (webtiles) character file.

38 prawnwizard the Digger (level 3, -1/19 HPs)
             Began as a Gargoyle Earth Elementalist on July 4, 2018.
             Slain by Terence
             ... wielding a +0 flail
              (2 damage)
             ... on level 2 of the Dungeon.
             The game lasted 00:03:47 (1627 turns).

prawnwizard the Digger (GrEE)                       Turns: 1627, Time: 00:03:49

Health: -1/19      AC:  5    Str: 11    XL:     3   Next: 43%
Magic:  3/7        EV: 12    Int: 16    God:
Gold:   41         SH:  0    Dex: 10    Spells: 6/7 levels left

rFire    . . .     SeeInvis +   a - +0 whip
rCold    . . .     Gourm    .   (no shield)
rNeg     + . .     Faith    .   c - +0 robe
rPois    ∞         Spirit   .   (no helmet)
rElec    +         Reflect  .   (no cloak)
rCorr    .         Harm     .   (no gloves)
MR       .....                  (no boots)
Stlth    ++........             (no amulet)
HPRegen  0.06/turn              k - ring of see invisible
MPRegen  0.10/turn              (no ring)

@: no status effects
A: negative energy resistance 1, electricity resistance, unbreathing,
petrification resistance, rot immunity, AC +3
a: no special abilities


You were on level 2 of the Dungeon.
You were not hungry.

You visited 1 branch of the dungeon, and saw 2 of its levels.

You collected 41 gold pieces.

Inventory:

Hand Weapons
 a - a +0 whip (weapon)
Missiles
 b - 59 stones (quivered)
Armour
 c - a +0 robe (worn)
Magical Staves
 q - an uncursed staff of cold
Jewellery
 k - a ring of see invisible (left hand)
Scrolls
 f - a scroll of magic mapping {unknown}
 n - a scroll of enchant weapon {unknown}
 o - a scroll of fear {unknown}
 p - a scroll of enchant armour {unknown}
Potions
 g - a potion of brilliance {unknown}
 h - a potion of lignification {unknown}
 i - 2 potions of flight {unknown}
 j - 3 potions of curing {unknown}
 l - a potion of heal wounds {unknown}
 m - a potion of agility {unknown}
Books
 e - a book of Geomancy

   Spells                             Type                      Level
   a - Sandblast                      Earth                        1
   b - Passwall                       Transmutation/Earth          2
   c - Stone Arrow                    Conjuration/Earth            3
   d - Petrify                        Transmutation/Earth          4
   e - Lee's Rapid Deconstruction     Earth                        5
Comestibles
 d - 6 rations
 r - a chunk of flesh


   Skills:
 - Level 1.7 Dodging
 - Level 2.1 Stealth
 + Level 2.8 Spellcasting
   Level 0.7 Transmutations
 + Level 4.5 Earth Magic


You had 6 spell levels left.
You knew the following spells:

 Your Spells              Type           Power        Failure   Level  Hunger
a - Sandblast             Erth           ###...       3%          1    #......


Dungeon Overview and Level Annotations

Branches:
Dungeon (2/15)

Altars:
Dithmenos

Annotations:
D:2 Terence


Innate Abilities, Weirdness & Mutations

You are resistant to torment.
Your stone body is resilient. (AC +3)
You are immune to poison.
You resist negative energy. (rN+)
You are resistant to electric shocks. (rElec)
You can survive without breathing.
You are immune to petrification.
You are immune to rotting.


Message History

Confirm with . or Enter, or press ? or * to list all spells.
Aiming: Sandblast
Press: ? - help, Shift-Dir - straight line, f/p - Terence
Aim: Terence, wielding a flail and wearing a runed scale mail The blast of sand misses Terence.
The blast of sand hits the hobgoblin.
You kill the hobgoblin!
b - 60 stones Terence drinks a potion.
Terence goes berserk!
Casting: Sandblast
Confirm with . or Enter, or press ? or * to list all spells.
Aiming: Sandblast
Press: ? - help, Shift-Dir - straight line, f/p - Terence
Aim: Terence, wielding a flail and wearing a runed scale mail (berserk, fast, unusually strong)
The blast of sand hits Terence.
b - 59 stones Terence hits you with a flail!
Ouch! That really hurt!
* * * LOW HITPOINT WARNING * * *
Terence hits you with a flail.
You die...

###.....####.....# ..
......_......##.#..###
####.....##.##...##
##....##.##..##
#....##..#.##
#.######....
#.#####....#
#.#....#.#.# #$.@..#
.... #..##.@.# ##.
...†# ###......
##..."... #...##...
#...# ..# #...# ##


You could see Terence (berserk).

Vanquished Creatures
  2 leopard geckos (D:1)
  2 ball pythons (D:1)
  3 giant cockroaches (D:1)
  4 goblins
  4 hobgoblins
  7 bats
  2 frilled lizards (D:1)
  5 kobolds (D:1)
  5 rats
34 creatures vanquished.

Notes
Turn   | Place    | Note
-------+----------+-------------------------------------------
     0 | D:1      | prawnwizard the Gargoyle Earth Elementalist began the quest for the Orb.
     0 | D:1      | Reached XP level 1. HP: 10/10 MP: 3/3
   387 | D:1      | Reached XP level 2. HP: 15/15 MP: 5/5
   417 | D:1      | Reached skill level 4 in Earth Magic
   840 | D:1      | Reached XP level 3. HP: 12/19 MP: 6/6
  1608 | D:2      | Found a shadowy altar of Dithmenos.
  1620 | D:2      | Noticed Terence
  1627 | D:2      | Slain by Terence

Skill      XL: |  1  2 |
---------------+-------+-----
Earth Magic    | 4 |  4.5
Dodging        | |  1.7
Stealth        | |  2.1
Spellcasting   | |  2.8
Transmutations | |  0.7

Action                   || total
-------------------------++-------
Melee: Unarmed           ||    10
       Whip              ||   120
 Cast: Sandblast         ||    15
 Stab: Sleeping          ||     4
  Eat: Chunk             ||     3
Armor: Robe              ||    53
Dodge: Dodged            ||   118
